 Dungeon Crawl Stone Soup version 0.23.1-37-gaa34b87 (webtiles) character file.

Game seed: 12772472913683313856

594 Fang the Skirmisher (level 7, -6/66 HPs)
             Began as a Gargoyle Berserker on Mar 27, 2019.
             Was a Priest of Trog.
             Mangled by an ogre
             ... wielding a +0 giant club
              (17 damage)
             ... on level 5 of the Dungeon.
             The game lasted 00:05:23 (4476 turns).

Fang the Skirmisher (Gargoyle Berserker)            Turns: 4476, Time: 00:05:23

Health: -6/66      AC: 15    Str: 28    XL:     7   Next: 39%
Magic:  7/7        EV: 10    Int:  7    God:    Trog [***...]
Gold:   243        SH:  0    Dex: 13    Spells: 6/6 levels left

rFire    . . .     SeeInvis +   a - +0 hand axe
rCold    . . .     Gourm    +   (no shield)
rNeg     + . .     Faith    .   k - +0 chain mail (curse)
rPois    ∞         Spirit   .   (no helmet)
rElec    +         Reflect  .   (no cloak)
rCorr    .         Harm     .   (no gloves)
MR       .....                  C - +0 pair of boots (curse)
Stlth    ..........             u - amulet of the gourmand
HPRegen  0.21/turn              b - +4 ring of dexterity
MPRegen  0.10/turn              q - ring of see invisible

@: berserking, very quick
A: negative energy resistance 1, electricity resistance, unbreathing,
petrification resistance, rot immunity, AC +4
a: Berserk, Trog's Hand, Renounce Religion


You were on level 5 of the Dungeon.
You worshipped Trog.
Trog was most pleased with you.
You were very full.

You visited 1 branch of the dungeon, and saw 5 of its levels.

You collected 243 gold pieces.

Inventory:

Hand Weapons
 a - a +0 hand axe (weapon)
Armour
 k - a cursed +0 chain mail (worn)
 C - a cursed +0 pair of boots (worn)
 D - the +3 leather armour "Okliol" {rElec Dex+2, unknown}
   (You found it on level 5 of the Dungeon)

   It affects your dexterity (+2).
   It insulates you from electricity.
Jewellery
 b - a +4 ring of dexterity (left hand)
 q - a ring of see invisible (right hand)
 u - an amulet of the gourmand (around neck)
 z - a +4 ring of intelligence {unknown}
Wands
 o - a wand of paralysis (9)
 v - a wand of scattershot (4)
 A - a wand of polymorph (8)
 G - a wand of iceblast (8)
Scrolls
 d - 2 scrolls of fear {unknown}
 e - 2 scrolls of noise {unknown}
 f - a scroll of amnesia {unknown}
 g - 2 scrolls of immolation {unknown}
 i - a scroll of blinking {unknown}
 j - 5 scrolls of identify {unknown}
 p - 3 scrolls of teleportation {unknown}
 t - a scroll of enchant armour {unknown}
 y - a scroll of remove curse {unknown}
 B - a scroll of enchant weapon {unknown}
 F - a scroll of random uselessness {unknown}
Potions
 h - 2 potions of lignification {unknown}
 l - a potion of degeneration {unknown}
 m - 2 potions of heal wounds {unknown}
 n - a potion of flight {unknown}
 r - a potion of mutation {unknown}
 s - a potion of resistance {unknown}
 w - 2 potions of agility {unknown}
 x - 2 potions of curing {unknown}
Comestibles
 c - 9 rations
 E - 4 chunks of flesh


   Skills:
 + Level 5.3 Fighting
 + Level 4.3 Axes
 + Level 4.7 Armour
 + Level 3.5 Dodging


You had 6 spell levels left.
You didn't know any spells.
Your spell library was empty.

Dungeon Overview and Level Annotations

Branches:
Dungeon (5/15)
 Temple: D:4-7

Altars:


Innate Abilities, Weirdness & Mutations

You are resistant to torment.
Your stone body is resilient. (AC +4)
You are immune to poison.
You resist negative energy. (rN+)
You are resistant to electric shocks. (rElec)
You can survive without breathing.
You are immune to petrification.
You are immune to rotting.


Message History

The ogre is moderately wounded.
The ogre hits you but does no damage.
You barely miss the ogre.
The ogre is moderately wounded.
The ogre hits you with a +0 giant club.
You are too injured to fight recklessly!
You are too injured to fight recklessly!
You are too injured to fight recklessly!
You are too injured to fight recklessly!
You are too injured to fight recklessly!
You hit the ogre.
The ogre is moderately wounded.
The ogre hits you with a +0 giant club!
* * * LOW HITPOINT WARNING * * *
A red film seems to cover your vision as you go berserk!
You feel yourself moving faster!
You feel mighty!
You hit the ogre.
The ogre is moderately wounded.
The ogre hits you with a +0 giant club!
You die...

.####.. .#....# ..#
.#.##.#########..##
..................#
.#.#.#.##.#..###..#
.#.#.#.##.##.#.#..#
##.#......##...#..#
#.###.#######.#..######
#.....#........@O......
#######.###......#####.
....$...#.# .###<.#.#.#
##.#...# ..#....
####.### #.#


You could see an ogre.

Vanquished Creatures
  An ogre (D:5)
  A bullfrog skeleton (D:5)
  A hound (D:5)
  5 orc priests
  2 worker ants
  8 gnolls
  6 adders
  2 shadow imps (D:5)
  3 worms
  2 dart slugs
  5 leopard geckos
  7 orcs
  A ball python (D:4)
  6 giant cockroaches
  12 goblins
  12 hobgoblins
  3 jackals (D:3)
  4 kobolds
  2 bats (D:1)
  4 frilled lizards
  8 rats
95 creatures vanquished.

Notes
Turn   | Place    | Note
-------+----------+-------------------------------------------
     0 | D:1      | Fang the Gargoyle Berserker began the quest for the Orb.
     0 | D:1      | Reached XP level 1. HP: 14/14 MP: 1/1
   183 | D:1      | Reached XP level 2. HP: 19/19 MP: 2/2
   486 | D:1      | Reached XP level 3. HP: 23/23 MP: 3/3
   844 | D:2      | Reached ** piety under Trog
  1221 | D:2      | Reached XP level 4. HP: 29/29 MP: 4/4
  1514 | D:3      | Reached skill level 4 in Fighting
  1531 | D:3      | Reached XP level 5. HP: 12/33 MP: 5/5
  2089 | D:3      | Reached *** piety under Trog
  2509 | D:4      | Reached XP level 6. HP: 39/39 MP: 6/6
  3646 | D:5      | Entered Level 5 of the Dungeon
  3668 | D:5      | Reached skill level 5 in Fighting
  3945 | D:5      | Reached XP level 7. HP: 30/44 MP: 7/7
  4354 | D:5      | Got a faintly humming leather armour
  4476 | D:5      | Mangled by an ogre

Skill      XL: |  1  2  3  4  5  6 |
---------------+-------------------+-----
Axes           | 3 4 |  4.3
Dodging        | 2 3 |  3.5
Armour         | 3 4 |  4.7
Fighting       | 4 5 |  5.3

Action                   |  1- 3 |  4- 6 |  7- 9 || total
-------------------------+-------+-------+-------++-------
Melee: Hand axe          |   123 |   241 |    65 ||   429
Invok: Berserk           |       |     4 |     2 ||     6
  Eat: Chunk             |     1 |    28 |     3 ||    32
Armor: Animal skin       |    17 |       |       ||    17
       Chain mail        |    54 |   130 |    35 ||   219
Dodge: Dodged            |    51 |   109 |    32 ||   192
